Royaux vs Influenza
(R2)
Created - December 6, 2020 at 19:31
Goals
|
| Royaux |
2 |
2 |
1 |
0 |
0 |
5 |
| Influenza |
2 |
3 |
0 |
0 |
1 |
6 |
|
Shots
|
| Royaux |
13 |
11 |
8 |
0 |
3 |
32 |
| Influenza |
9 |
13 |
10 |
3 |
3 |
35 |
|
1st period
1. Royaux , Tye McGinn 12 (Dylan Larkin 15, Ben Hanowski 14) at 2:54
2. Influenza , Lucas Lessio 7 (Roland McKeown 4) at 5:22
3. Influenza , Pavel Zacha 5 (Roland McKeown 5, Iiro Pakarinen 11) at 11:18
4. Royaux , Tye McGinn 13 (Dylan Larkin 16, Marcus Pettersson 11) at 16:48 (PP)
Penalties :
Markus Nutivaara (VJB) for Hooking (Minor) at 16:38, Marcus Pettersson (Cap) for Roughing (Minor) at 18:06, Anthony Bitetto (VJB) for Hooking (Minor) at 19:01
2nd period
5. Royaux , Dylan Larkin 14 (Tye McGinn 13, Travis Sanheim 6) at 0:16 (PP)
6. Influenza , Max Domi 11 (Bo Horvat 15) at 1:17
7. Influenza , Max Domi 12 (Tim Erixon 8) at 1:25
8. Royaux , Phil Oreskovic 2 (Dylan Larkin 17, Tye McGinn 14) at 16:35
9. Influenza , Bo Horvat 12 (Max Domi 14) at 17:50
Penalties :
Brandon Pirri (Cap) for Hooking (Minor) at 7:23, Markus Nutivaara (VJB) for Slashing (Minor) at 13:26
3rd period
10. Royaux , Ben Hanowski 7 (Tye McGinn 15, Dylan Larkin 18) at 19:08
Penalties :
Simon Despres (Cap) for Delaying the game (Minor) at 14:44
Overtime #1
No Goal
Penalties :
No Penalty
Shootout
Royaux, Dylan Larkin - Stopped by Charlie Lindgren
Influenza, Bo Horvat - Stopped by Igor Shesterkin
Royaux, Rourke Chartier - Shot Misses the Net
Influenza, Colton Sissons - Shot Misses the Net
Royaux, Danny Kristo - Stopped by Charlie Lindgren
Influenza, JT Compher - Goal!
Penalties :
No Penalty
Goalie Stats
Igor Shesterkin (Cap), 30 saves from 35 shots - (0.857), OTL, 7-6-1, 64:50 minutes
Charlie Lindgren (VJB), 27 saves from 32 shots - (0.844), W, 2-4-0, 65:00 minutes
Players Stats for Royaux
Player Name G A P +/- PIM S H SB GA TA FO MP PP MP PK MP
------------------------------------------------------------------------------------
Ben Hanowski 1 1 2 0 0 1 3 0 0 0 3/3 18:47 1:11 0:48
Brandon Pirri 0 0 0 -2 2 2 2 3 0 0 0/0 19:07 0:58 0:38
Danny Kristo 0 0 0 0 0 1 2 2 0 0 5/9 16:49 0:00 3:24
Dylan Larkin 1 4 5 0 0 4 1 2 3 1 11/29 19:44 1:22 0:00
Garrett Wilson 0 0 0 0 0 0 0 0 0 0 0/0 9:42 0:00 0:48
Haydn Fleury 0 0 0 1 0 2 2 2 0 1 0/0 21:38 0:11 3:27
Jordie Benn 0 0 0 -1 0 1 1 3 1 0 0/0 23:03 0:59 3:27
Kasperi Kapanen 0 0 0 -2 0 3 1 1 0 1 2/3 19:29 0:58 0:48
Marcus Pettersson 0 1 1 -1 2 0 0 1 0 0 0/0 22:23 1:10 0:42
Mathew Barzal 0 0 0 -2 0 0 0 0 0 0 9/16 17:09 0:58 0:00
Mathieu Joseph 0 0 0 0 0 1 1 0 0 0 0/0 8:05 0:00 0:00
Phil Oreskovic 1 0 1 0 0 1 3 3 0 0 0/0 19:46 1:10 1:26
Rourke Chartier 0 0 0 0 0 2 0 0 0 0 1/5 11:34 0:00 0:00
Simon Despres 0 0 0 -2 2 1 1 1 0 1 0/0 20:40 0:00 0:44
Sonny Milano 0 0 0 0 0 1 0 0 2 0 0/0 11:34 0:00 0:00
Travis Sanheim 0 1 1 -1 0 0 2 1 1 0 0/0 23:00 1:21 0:00
Tye McGinn 2 3 5 0 0 8 1 1 6 0 1/1 22:49 1:22 3:20
Vladislav Namestnikov 0 0 0 0 0 4 2 0 0 0 2/2 8:41 0:00 0:00
Players Stats for Influenza
Player Name G A P +/- PIM S H SB GA TA FO MP PP MP PK MP
------------------------------------------------------------------------------------
Anthony Bitetto 0 0 0 1 2 2 0 2 0 2 0/0 29:35 3:29 1:17
Bo Horvat 1 1 2 1 0 4 5 1 0 3 22/41 22:49 2:49 0:18
Brock Boeser 0 0 0 1 0 3 0 0 0 0 0/0 11:05 0:03 0:00
Colton Sissons 0 0 0 1 0 3 6 1 0 0 4/7 14:09 0:03 1:24
Dmitry Sinitsyn 0 0 0 0 0 1 0 2 0 1 0/0 20:52 1:23 0:52
Iiro Pakarinen 0 1 1 0 0 4 4 0 0 1 2/4 20:43 2:01 0:38
Jeff Corbett 0 0 0 1 0 1 0 2 0 1 0/0 13:22 0:00 0:00
Johan Larsson 0 0 0 -1 0 0 1 0 1 0 0/0 7:33 0:00 0:00
JT Compher 0 0 0 1 0 2 2 2 1 0 0/0 17:58 2:01 0:00
Justin Bailey 0 0 0 2 0 1 3 1 0 1 0/2 20:58 2:49 0:00
Lucas Lessio 1 0 1 1 0 3 0 0 0 0 0/0 12:48 0:03 0:52
Markus Nutivaara 0 0 0 0 4 1 0 2 0 0 0/0 20:47 1:23 0:11
Max Domi 2 1 3 1 0 4 3 0 0 2 3/4 22:34 2:49 0:04
Pavel Zacha 1 0 1 1 0 1 1 0 0 0 2/8 19:24 2:01 0:00
Roland McKeown 0 2 2 1 0 1 1 0 0 0 0/0 14:40 0:00 0:52
Shane Prince 0 0 0 -1 0 0 1 0 1 1 1/2 7:33 0:00 0:00
Tim Erixon 0 1 1 1 0 3 2 1 1 1 0/0 30:46 3:30 1:28
Tom Kuhnhackl 0 0 0 -1 0 1 1 1 0 0 0/0 8:57 0:00 1:24
3 Stars
1 - Tye McGinn (Cap)
2 - Max Domi (VJB)
3 - Dylan Larkin (Cap)
Power Play
Royaux - 2 on 3 Attempt(s) - 66.67%
Influenza - 0 on 3 Attempt(s) - 0.00%
Penalty Kill
Royaux - 3 on 3 Attempt(s) - 100.00%
- Score 0 goal in Penalty Kill
Influenza - 1 on 3 Attempt(s) - 33.33%
- Score 0 goal in Penalty Kill
Team Stat
Royaux - Hits : 22 - Faceoff Wins : 34 - Blocked Shots : 20 - Penalty Minutes : 6
Influenza - Hits : 30 - Faceoff Wins : 34 - Blocked Shots : 15 - Penalty Minutes : 6
Official
Referees : Unknown
Linesman : Unknown
Game Notes
10:33 of 3rd period - Royaux goal is going for a video replay. After video review, No Goal. The goalkeeper has been pushed into the net together with the puck after making a save.
Finance
Level 1 -- Attendance: 1360 (68.00%) -- Ticket Income $54,400
Level 2 -- Attendance: 646 (64.60%) -- Ticket Income $12,920
Total Attendance: 2006 (66.87%)
Total Ticket Income: $67,320
Other Income: $3,366
Total Income: $70,686
Royaux
5 vs 5 Forward
Center Left Wing Right Wing Time % Phy DF OF
1 Dylan Larkin Tye McGinn Ben Hanowski 35 0 2 3
2 Mathew Barzal Brandon Pirri Kasperi Kapanen 35 0 2 3
3 Rourke Chartier Sonny Milano Danny Kristo 20 0 2 3
4 Vladislav Namestnikov Garrett Wilson Mathieu Joseph 10 0 3 2
5 vs 5 Defense
Defense Defense Time % Phy DF OF
1 Travis Sanheim Simon Despres 35 0 3 2
2 Jordie Benn Marcus Pettersson 35 0 3 2
3 Haydn Fleury Phil Oreskovic 15 0 3 2
4 Haydn Fleury Phil Oreskovic 15 0 3 2
PowerPlay Forward
Center Left Wing Right Wing Time % Phy DF OF
1 Dylan Larkin Tye McGinn Ben Hanowski 60 0 1 4
2 Mathew Barzal Brandon Pirri Kasperi Kapanen 40 0 1 4
PowerPlay Defense
Defense Defense Time % Phy DF OF
1 Jordie Benn Marcus Pettersson 60 0 2 3
2 Phil Oreskovic Travis Sanheim 40 0 2 3
Penalty Kill 4 Players Forward
Center Wing Time % Phy DF OF
1 Danny Kristo Tye McGinn 60 0 4 1
2 Ben Hanowski Garrett Wilson 40 0 4 1
Penalty Kill 4 Players Defense
Defense Defense Time % Phy DF OF
1 Jordie Benn Haydn Fleury 60 1 2 2
2 Phil Oreskovic Simon Despres 40 1 2 2
Penalty Kill - 3 Players Forward
Forward Time % Phy DF OF
1 Garrett Wilson 60 0 4 1
2 Danny Kristo 40 0 4 1
Penalty Kill - 3 Players Defense
Defense Defense Time % Phy DF OF
1 Jordie Benn Haydn Fleury 60 1 2 2
2 Phil Oreskovic Simon Despres 40 1 2 2
4 vs 4 Forward
Center Wing Time % Phy DF OF
1 Dylan Larkin Tye McGinn 60 0 2 3
2 Ben Hanowski Kasperi Kapanen 40 0 2 3
4 vs 4 Defense
Defense Defense Time % Phy DF OF
1 Travis Sanheim Haydn Fleury 60 0 3 2
2 Marcus Pettersson Phil Oreskovic 40 0 3 2
Last Minutes Offensive
Center Left Wing Right Wing Defense Defense
Dylan Larkin Tye McGinn Ben Hanowski Marcus Pettersson Travis Sanheim
Last Minutes Defensive
Center Left Wing Right Wing Defense Defense
Danny Kristo Garrett Wilson Tye McGinn Haydn Fleury Simon Despres
Goaltenders
Starting : Igor Shesterkin
Backup : Olivier Roy
Extra Forwards
Normal : Dylan Larkin, Kasperi Kapanen, Danny Kristo - PP : Sonny Milano, Rourke Chartier - PK : Kasperi Kapanen
Extra Defensemen
Normal : Simon Despres, Marcus Pettersson, Haydn Fleury - PP : Haydn Fleury - PK : Marcus Pettersson, Travis Sanheim
Penalty Shots
Dylan Larkin, Rourke Chartier, Danny Kristo, Sonny Milano, Ben Hanowski
Scratches
Troy Terry (Healthy), Tanner Kero (Healthy), Greg McKegg (Healthy), Nikita Pavlychev (Healthy), Brendan Woods (Separated Left Shoulder Injury)
Konrad Abeltshauser (Healthy), Dylan DeMelo (Healthy), Tomas Hyka (Healthy), Ian McCoshen (Healthy), Michael Bunting (Healthy)
Ryan Mantha (Healthy), Jack Ramsey (Healthy), Marcus Hogberg (Healthy)
Influenza
5 vs 5 Forward
Center Left Wing Right Wing Time % Phy DF OF
1 Bo Horvat Max Domi Justin Bailey 40 1 2 2
2 Pavel Zacha JT Compher Iiro Pakarinen 30 1 2 2
3 Colton Sissons Lucas Lessio Brock Boeser 20 1 2 2
4 Shane Prince Johan Larsson Tom Kuhnhackl 10 1 2 2
5 vs 5 Defense
Defense Defense Time % Phy DF OF
1 Tim Erixon Anthony Bitetto 40 1 2 2
2 Dmitry Sinitsyn Markus Nutivaara 30 1 2 2
3 Jeff Corbett Roland McKeown 20 1 2 2
4 Anthony Bitetto Tim Erixon 10 1 2 2
PowerPlay Forward
Center Left Wing Right Wing Time % Phy DF OF
1 Bo Horvat Max Domi Justin Bailey 60 1 2 2
2 Pavel Zacha JT Compher Iiro Pakarinen 40 1 2 2
PowerPlay Defense
Defense Defense Time % Phy DF OF
1 Tim Erixon Anthony Bitetto 60 1 2 2
2 Dmitry Sinitsyn Markus Nutivaara 40 1 2 2
Penalty Kill 4 Players Forward
Center Wing Time % Phy DF OF
1 Colton Sissons Tom Kuhnhackl 60 1 2 2
2 Bo Horvat Lucas Lessio 40 1 2 2
Penalty Kill 4 Players Defense
Defense Defense Time % Phy DF OF
1 Tim Erixon Anthony Bitetto 60 1 2 2
2 Roland McKeown Dmitry Sinitsyn 40 1 2 2
Penalty Kill - 3 Players Forward
Forward Time % Phy DF OF
1 Colton Sissons 60 1 2 2
2 Bo Horvat 40 1 2 2
Penalty Kill - 3 Players Defense
Defense Defense Time % Phy DF OF
1 Tim Erixon Anthony Bitetto 60 1 2 2
2 Roland McKeown Dmitry Sinitsyn 40 1 2 2
4 vs 4 Forward
Center Wing Time % Phy DF OF
1 Bo Horvat Max Domi 60 1 2 2
2 Colton Sissons Iiro Pakarinen 40 1 2 2
4 vs 4 Defense
Defense Defense Time % Phy DF OF
1 Tim Erixon Anthony Bitetto 60 1 2 2
2 Markus Nutivaara Dmitry Sinitsyn 40 1 2 2
Last Minutes Offensive
Center Left Wing Right Wing Defense Defense
Bo Horvat Max Domi Iiro Pakarinen Tim Erixon Anthony Bitetto
Last Minutes Defensive
Center Left Wing Right Wing Defense Defense
Bo Horvat Max Domi Iiro Pakarinen Tim Erixon Anthony Bitetto
Goaltenders
Starting : Charlie Lindgren
Backup : Malcolm Subban
Extra Forwards
Normal : Pavel Zacha, Iiro Pakarinen, Justin Bailey - PP : Iiro Pakarinen, Colton Sissons - PK : Iiro Pakarinen
Extra Defensemen
Normal : Markus Nutivaara, Dmitry Sinitsyn, Roland McKeown - PP : Markus Nutivaara - PK : Dmitry Sinitsyn, Roland McKeown
Penalty Shots
Bo Horvat, Colton Sissons, JT Compher, Tom Kuhnhackl, Max Domi
Scratches
Noah Hanifin (Sprained Right Ankle Injury), Ryan Dzingel (Healthy), Aleksi Saarela (Healthy), Henri Ikonen (Healthy), Jakob Forsbacka-Karlsson (Healthy)
Blake Lizotte (Healthy), Radovan Bondra (Healthy), Simon Bourque (Healthy), Mitchell Moroz (Healthy), Jesse Graham (Healthy)
Jake Walman (Healthy), Conner Bleackley (Healthy), Brycen Martin (Healthy), Jaden Lindo (Healthy), Jamie Phillips (Healthy)
% Time on Ice - Royaux
Lines # - Real PCT - Wanted PCT - Time Play
Normal Forward
1 - 30% - 35% - 15:17
2 - 33% - 35% - 16:58
3 - 22% - 20% - 11:34
4 - 15% - 10% - 7:37
Normal Defense
1 - 35% - 35% - 18:15
2 - 36% - 35% - 18:38
3 - 15% - 15% - 7:29
4 - 14% - 15% - 7:04
PP Forward
1 - 59% - 60% - 1:22
2 - 41% - 40% - 0:58
PP Defense
1 - 50% - 60% - 1:10
2 - 50% - 40% - 1:10
PK Forward
1 - 84% - 60% - 4:05
2 - 16% - 40% - 0:48
PK Defense
1 - 71% - 60% - 3:27
2 - 29% - 40% - 1:26
PK3 Forward
1 - 0% - 60%
2 - 0% - 40%
PK3 Defense
1 - 0% - 60%
2 - 0% - 40%
44 Forward
1 - 85% - 60% - 5:11
2 - 15% - 40% - 0:53
44 Defense
1 - 67% - 60% - 4:04
2 - 33% - 40% - 2:00
Last Minute Offensive - 0:17
Last Minute Defensive - 0:00
Total
Forward - 65:00
Defense - 65:00
|
% Time on Ice - Influenza
Lines # - Real PCT - Wanted PCT - Time Play
Normal Forward
1 - 33% - 40% - 16:48
2 - 32% - 30% - 16:20
3 - 21% - 20% - 10:40
4 - 15% - 10% - 7:33
Normal Defense
1 - 38% - 40% - 19:25
2 - 32% - 30% - 16:12
3 - 25% - 20% - 12:35
4 - 6% - 10% - 3:09
PP Forward
1 - 59% - 60% - 2:52
2 - 41% - 40% - 2:01
PP Defense
1 - 72% - 60% - 3:30
2 - 28% - 40% - 1:23
PK Forward
1 - 90% - 60% - 2:06
2 - 10% - 40% - 0:14
PK Defense
1 - 63% - 60% - 1:28
2 - 37% - 40% - 0:52
PK3 Forward
1 - 0% - 60%
2 - 0% - 40%
PK3 Defense
1 - 0% - 60%
2 - 0% - 40%
44 Forward
1 - 76% - 60% - 4:38
2 - 24% - 40% - 1:26
44 Defense
1 - 66% - 60% - 4:00
2 - 34% - 40% - 2:04
Last Minute Offensive - 0:00
Last Minute Defensive - 0:22
Total
Forward - 65:00
Defense - 65:00
|
Play-by-Play
1st period
0:01 of 1st period - Dylan Larkin wins face-off versus Bo Horvat in neutral zone.
0:06 of 1st period - Slapshot by Dylan Larkin.
0:06 of 1st period - Shot Misses the Net.
0:12 of 1st period - Backhand shot by Ben Hanowski.
0:12 of 1st period - Shot Blocked by Tim Erixon.
0:14 of 1st period - Wrist shot by Tye McGinn.
0:14 of 1st period - Stopped by Charlie Lindgren without a rebound.
0:15 of 1st period - Mathew Barzal wins face-off versus Pavel Zacha in Influenza zone.
1:27 of 1st period - Wrist shot by Ben Hanowski.
1:27 of 1st period - Shot Misses the Net.
2:19 of 1st period - Jordie Benn is hit by Tim Erixon and loses puck.
2:54 of 1st period - Backhand shot by Tye McGinn.
2:54 of 1st period - Goal by Tye McGinn - Royaux : 1 - Influenza : 0.
2:55 of 1st period - Mathew Barzal wins face-off versus Pavel Zacha in neutral zone.
3:02 of 1st period - Snap shot by JT Compher.
3:02 of 1st period - Shot Blocked by Haydn Fleury.
3:10 of 1st period - Anthony Bitetto is hit by Phil Oreskovic and loses puck.
3:21 of 1st period - Anthony Bitetto is hit by Danny Kristo and loses puck.
3:36 of 1st period - Snap shot by Iiro Pakarinen.
3:36 of 1st period - Stopped by Igor Shesterkin without a rebound.
3:37 of 1st period - Dylan Larkin wins face-off versus Bo Horvat in Royaux zone.
3:43 of 1st period - Off-side.
3:44 of 1st period - Max Domi wins face-off versus Dylan Larkin in neutral zone.
3:51 of 1st period - Snap shot by Bo Horvat.
3:51 of 1st period - Shot Blocked by Dylan Larkin.
3:53 of 1st period - Slapshot by Jeff Corbett.
3:53 of 1st period - Shot Misses the Net.
3:55 of 1st period - Slapshot by Roland McKeown.
3:55 of 1st period - Shot Misses the Net.
3:57 of 1st period - Snap shot by Max Domi.
3:57 of 1st period - Shot Misses the Net.
3:59 of 1st period - Snap shot by Jeff Corbett.
3:59 of 1st period - Deflect By Bo Horvat.
3:59 of 1st period - Shot Hit the Post.
3:59 of 1st period - Puck is out of play.
4:00 of 1st period - Mathew Barzal wins face-off versus Colton Sissons in Royaux zone.
4:00 of 1st period - Mathew Barzal is hit by Colton Sissons.
4:25 of 1st period - Phil Oreskovic is hit by Justin Bailey and loses puck.
4:44 of 1st period - Roland McKeown is hit by Danny Kristo and loses puck.
4:53 of 1st period - Wrist shot by Sonny Milano.
4:53 of 1st period - Shot Blocked by JT Compher.
5:11 of 1st period - Roland McKeown is hit by Jordie Benn and loses puck.
5:22 of 1st period - Wrist shot by Lucas Lessio.
5:22 of 1st period - Goal by Lucas Lessio - Royaux : 1 - Influenza : 1.
5:23 of 1st period - Kasperi Kapanen wins face-off versus Bo Horvat in neutral zone.
5:26 of 1st period - Bo Horvat is hit by Kasperi Kapanen and loses puck.
5:56 of 1st period - Slapshot by Dylan Larkin.
5:56 of 1st period - Stopped by Charlie Lindgren with a rebound.
6:10 of 1st period - Markus Nutivaara is hit by Vladislav Namestnikov and loses puck.
6:31 of 1st period - Jordie Benn is hit by Shane Prince and loses puck.
7:13 of 1st period - JT Compher is hit by Dylan Larkin and loses puck.
7:20 of 1st period - Tye McGinn is hit by Iiro Pakarinen and loses puck.
7:43 of 1st period - Slapshot by Vladislav Namestnikov.
7:43 of 1st period - Stopped by Charlie Lindgren with a rebound.
8:27 of 1st period - Slapshot by Travis Sanheim.
8:27 of 1st period - Shot Misses the Net.
8:58 of 1st period - Simon Despres is hit by Bo Horvat and loses puck.
9:17 of 1st period - Simon Despres is hit by Colton Sissons and loses puck.
9:36 of 1st period - Snap shot by Brandon Pirri.
9:36 of 1st period - Stopped by Charlie Lindgren without a rebound.
9:37 of 1st period - Mathew Barzal wins face-off versus Pavel Zacha in Influenza zone.
9:38 of 1st period - Snap shot by Brandon Pirri.
9:38 of 1st period - Shot Blocked by Dmitry Sinitsyn.
9:53 of 1st period - Snap shot by Brandon Pirri.
9:53 of 1st period - Stopped by Charlie Lindgren with a rebound.
10:04 of 1st period - Brandon Pirri is hit by Iiro Pakarinen and loses puck.
10:13 of 1st period - Roland McKeown is hit by Brandon Pirri and loses puck.
10:50 of 1st period - Snap shot by Iiro Pakarinen.
10:50 of 1st period - Shot Misses the Net.
10:52 of 1st period - Snap shot by Pavel Zacha.
10:52 of 1st period - Shot Misses the Net.
11:08 of 1st period - Snap shot by Pavel Zacha.
11:08 of 1st period - Shot Blocked by Brandon Pirri.
11:10 of 1st period - Snap shot by JT Compher.
11:10 of 1st period - Shot Blocked by Phil Oreskovic.
11:12 of 1st period - Snap shot by Iiro Pakarinen.
11:12 of 1st period - Shot Blocked by Phil Oreskovic.
11:14 of 1st period - Slapshot by Roland McKeown.
11:14 of 1st period - Shot Misses the Net.
11:16 of 1st period - Slapshot by Roland McKeown.
11:16 of 1st period - Stopped by Igor Shesterkin with a rebound.
11:18 of 1st period - Slapshot by Roland McKeown.
11:18 of 1st period - Deflect By Pavel Zacha.
11:18 of 1st period - Goal by Pavel Zacha - Royaux : 1 - Influenza : 2.
11:19 of 1st period - Bo Horvat wins face-off versus Dylan Larkin in neutral zone.
11:22 of 1st period - Wrist shot by Justin Bailey.
11:22 of 1st period - Shot Hit the Post.
11:34 of 1st period - Tye McGinn is hit by Bo Horvat.
11:44 of 1st period - Jordie Benn is hit by Colton Sissons and loses puck.
11:49 of 1st period - Snap shot by Lucas Lessio.
11:49 of 1st period - Stopped by Igor Shesterkin with a rebound.
12:07 of 1st period - Wrist shot by Tom Kuhnhackl.
12:07 of 1st period - Stopped by Igor Shesterkin without a rebound.
12:08 of 1st period - Shane Prince wins face-off versus Dylan Larkin in Royaux zone.
12:37 of 1st period - Snap shot by Garrett Wilson.
12:37 of 1st period - Shot Blocked by Tom Kuhnhackl.
12:39 of 1st period - Slapshot by Haydn Fleury.
12:39 of 1st period - Stopped by Charlie Lindgren without a rebound.
12:40 of 1st period - Vladislav Namestnikov wins face-off versus Bo Horvat in Influenza zone.
12:53 of 1st period - Wrist shot by Vladislav Namestnikov.
12:53 of 1st period - Shot Misses the Net.
12:55 of 1st period - Snap shot by Vladislav Namestnikov.
12:55 of 1st period - Stopped by Charlie Lindgren with a rebound.
12:57 of 1st period - Slapshot by Haydn Fleury.
12:57 of 1st period - Shot Blocked by Markus Nutivaara.
13:01 of 1st period - Slapshot by Mathieu Joseph.
13:01 of 1st period - Shot Blocked by Justin Bailey.
13:05 of 1st period - Wrist shot by Vladislav Namestnikov.
13:05 of 1st period - Shot Blocked by Markus Nutivaara.
13:07 of 1st period - Slapshot by Vladislav Namestnikov.
13:07 of 1st period - Shot Blocked by Bo Horvat.
13:09 of 1st period - Slapshot by Phil Oreskovic.
13:09 of 1st period - Shot Blocked by Dmitry Sinitsyn.
13:11 of 1st period - Snap shot by Garrett Wilson.
13:11 of 1st period - Deflect By Mathieu Joseph.
13:11 of 1st period - Stopped by Charlie Lindgren without a rebound.
13:12 of 1st period - Colton Sissons wins face-off versus Dylan Larkin in Influenza zone.
15:11 of 1st period - Slapshot by Kasperi Kapanen.
15:11 of 1st period - Stopped by Charlie Lindgren with a rebound.
15:13 of 1st period - Wrist shot by Brandon Pirri.
15:13 of 1st period - Deflect By Kasperi Kapanen.
15:13 of 1st period - Stopped by Charlie Lindgren without a rebound.
15:14 of 1st period - Dylan Larkin wins face-off versus Bo Horvat in Influenza zone.
15:39 of 1st period - Snap shot by Brock Boeser.
15:39 of 1st period - Stopped by Igor Shesterkin with a rebound.
16:03 of 1st period - Wrist shot by Iiro Pakarinen.
16:03 of 1st period - Shot Misses the Net.
16:05 of 1st period - Slapshot by Iiro Pakarinen.
16:05 of 1st period - Stopped by Igor Shesterkin without a rebound.
16:06 of 1st period - Dylan Larkin wins face-off versus Pavel Zacha in Royaux zone.
16:06 of 1st period - Dylan Larkin is hit by Iiro Pakarinen.
16:38 of 1st period - Minor Penalty to Markus Nutivaara for Hooking.
16:39 of 1st period - Dylan Larkin wins face-off versus Colton Sissons in Influenza zone.
16:40 of 1st period - Snap shot by Tye McGinn.
16:40 of 1st period - Shot Misses the Net.
16:42 of 1st period - Slapshot by Marcus Pettersson.
16:42 of 1st period - Shot Misses the Net.
16:48 of 1st period - Snap shot by Tye McGinn.
16:48 of 1st period - Goal by Tye McGinn - Royaux : 2 - Influenza : 2.
16:49 of 1st period - Dylan Larkin wins face-off versus Bo Horvat in neutral zone.
17:02 of 1st period - Wrist shot by Dylan Larkin.
17:02 of 1st period - Stopped by Charlie Lindgren without a rebound.
17:03 of 1st period - Bo Horvat wins face-off versus Dylan Larkin in Influenza zone.
17:03 of 1st period - Bo Horvat is hit by Ben Hanowski.
17:35 of 1st period - Slapshot by Anthony Bitetto.
17:35 of 1st period - Shot Blocked by Brandon Pirri.
17:57 of 1st period - Snap shot by JT Compher.
17:57 of 1st period - Shot Misses the Net.
17:59 of 1st period - Wrist shot by Iiro Pakarinen.
17:59 of 1st period - Deflect By JT Compher.
17:59 of 1st period - Shot Blocked by Jordie Benn.
17:59 of 1st period - Puck is out of play.
18:00 of 1st period - Ben Hanowski wins face-off versus Bo Horvat in Royaux zone.
18:06 of 1st period - Minor Penalty to Marcus Pettersson for Roughing.
18:07 of 1st period - Bo Horvat wins face-off versus Danny Kristo in Royaux zone.
18:07 of 1st period - Slapshot by Max Domi.
18:07 of 1st period - Stopped by Igor Shesterkin with a rebound.
18:41 of 1st period - Off-side.
18:42 of 1st period - Ben Hanowski wins face-off versus Bo Horvat in neutral zone.
18:54 of 1st period - Off-side.
18:55 of 1st period - Bo Horvat wins face-off versus Danny Kristo in neutral zone.
19:01 of 1st period - Minor Penalty to Anthony Bitetto for Hooking.
19:02 of 1st period - Max Domi wins face-off versus Dylan Larkin in Influenza zone.
19:40 of 1st period - Travis Sanheim is hit by Colton Sissons and loses puck.
Goals for this period are 2 for Royaux vs 2 for Influenza.
Shots for this period are 13 for Royaux vs 9 for Influenza.
2nd period
0:01 of 2nd period - Max Domi wins face-off versus Dylan Larkin in neutral zone.
0:06 of 2nd period - Penalty to Marcus Pettersson is over, Marcus Pettersson is back on ice.
0:16 of 2nd period - Wrist shot by Dylan Larkin.
0:16 of 2nd period - Goal by Dylan Larkin - Royaux : 3 - Influenza : 2.
0:17 of 2nd period - Dylan Larkin wins face-off versus Bo Horvat in neutral zone.
1:05 of 2nd period - Snap shot by Colton Sissons.
1:05 of 2nd period - Shot Blocked by Danny Kristo.
1:07 of 2nd period - Snap shot by Lucas Lessio.
1:07 of 2nd period - Shot Misses the Net.
1:09 of 2nd period - Snap shot by Lucas Lessio.
1:09 of 2nd period - Shot Blocked by Travis Sanheim.
1:11 of 2nd period - Slapshot by Anthony Bitetto.
1:11 of 2nd period - Stopped by Igor Shesterkin without a rebound.
1:12 of 2nd period - Dylan Larkin wins face-off versus Bo Horvat in Royaux zone.
1:17 of 2nd period - Slapshot by Max Domi.
1:17 of 2nd period - Goal by Max Domi - Royaux : 3 - Influenza : 3.
1:18 of 2nd period - Bo Horvat wins face-off versus Dylan Larkin in neutral zone.
1:25 of 2nd period - Snap shot by Max Domi.
1:25 of 2nd period - Goal by Max Domi - Royaux : 3 - Influenza : 4.
1:26 of 2nd period - Dylan Larkin wins face-off versus Bo Horvat in neutral zone.
1:29 of 2nd period - Slapshot by Jordie Benn.
1:29 of 2nd period - Deflect By Dylan Larkin.
1:29 of 2nd period - Shot Blocked by Anthony Bitetto.
1:29 of 2nd period - Puck is out of play.
1:30 of 2nd period - Bo Horvat wins face-off versus Dylan Larkin in Influenza zone.
1:40 of 2nd period - Slapshot by Dylan Larkin.
1:40 of 2nd period - Shot Misses the Net.
1:56 of 2nd period - Snap shot by Lucas Lessio.
1:56 of 2nd period - Shot Misses the Net.
1:58 of 2nd period - Slapshot by Anthony Bitetto.
1:58 of 2nd period - Shot Blocked by Tye McGinn.
2:00 of 2nd period - Wrist shot by Colton Sissons.
2:00 of 2nd period - Shot Blocked by Jordie Benn.
2:02 of 2nd period - Snap shot by Lucas Lessio.
2:02 of 2nd period - Deflect By Dylan Larkin.
2:02 of 2nd period - Stopped by Igor Shesterkin with a rebound.
2:04 of 2nd period - Snap shot by Brock Boeser.
2:04 of 2nd period - Stopped by Igor Shesterkin without a rebound.
2:05 of 2nd period - Mathew Barzal wins face-off versus Max Domi in Royaux zone.
2:05 of 2nd period - Mathew Barzal is hit by Bo Horvat.
3:38 of 2nd period - Slapshot by Kasperi Kapanen.
3:38 of 2nd period - Stopped by Charlie Lindgren with a rebound.
4:18 of 2nd period - Tye McGinn is hit by Colton Sissons.
4:34 of 2nd period - Anthony Bitetto is hit by Haydn Fleury and loses puck.
4:41 of 2nd period - Wrist shot by Vladislav Namestnikov.
4:41 of 2nd period - Stopped by Charlie Lindgren with a rebound.
5:12 of 2nd period - Wrist shot by Sonny Milano.
5:12 of 2nd period - Deflect By Rourke Chartier.
5:12 of 2nd period - Shot Misses the Net.
5:12 of 2nd period - Puck is out of play.
5:13 of 2nd period - Pavel Zacha wins face-off versus Rourke Chartier in Influenza zone.
5:36 of 2nd period - Dmitry Sinitsyn is hit by Haydn Fleury and loses puck.
6:03 of 2nd period - Phil Oreskovic is hit by Iiro Pakarinen and loses puck.
6:12 of 2nd period - Wrist shot by Sonny Milano.
6:12 of 2nd period - Deflect By Danny Kristo.
6:12 of 2nd period - Stopped by Charlie Lindgren without a rebound.
6:13 of 2nd period - Dylan Larkin wins face-off versus Bo Horvat in Influenza zone.
6:43 of 2nd period - Snap shot by Simon Despres.
6:43 of 2nd period - Deflect By Dmitry Sinitsyn.
6:43 of 2nd period - Stopped by Charlie Lindgren without a rebound.
6:44 of 2nd period - Colton Sissons wins face-off versus Mathew Barzal in Influenza zone.
6:49 of 2nd period - Wrist shot by Lucas Lessio.
6:49 of 2nd period - Shot Misses the Net.
6:51 of 2nd period - Snap shot by Brock Boeser.
6:51 of 2nd period - Stopped by Igor Shesterkin with a rebound.
6:53 of 2nd period - Backhand shot by Jeff Corbett.
6:53 of 2nd period - Stopped by Igor Shesterkin without a rebound.
6:54 of 2nd period - Bo Horvat wins face-off versus Mathew Barzal in Royaux zone.
7:01 of 2nd period - Wrist shot by Bo Horvat.
7:01 of 2nd period - Stopped by Igor Shesterkin without a rebound.
7:02 of 2nd period - Bo Horvat wins face-off versus Kasperi Kapanen in Royaux zone.
7:03 of 2nd period - Wrist shot by Max Domi.
7:03 of 2nd period - Shot Blocked by Simon Despres.
7:23 of 2nd period - Minor Penalty to Brandon Pirri for Hooking.
7:24 of 2nd period - Danny Kristo wins face-off versus Bo Horvat in Royaux zone.
7:32 of 2nd period - Off-side.
7:33 of 2nd period - Bo Horvat wins face-off versus Danny Kristo in neutral zone.
7:52 of 2nd period - Backhand shot by Justin Bailey.
7:52 of 2nd period - Shot Misses the Net.
7:54 of 2nd period - Slapshot by Justin Bailey.
7:54 of 2nd period - Deflect By Danny Kristo.
7:54 of 2nd period - Shot Misses the Net.
7:54 of 2nd period - Puck is out of play.
7:55 of 2nd period - Iiro Pakarinen wins face-off versus Danny Kristo in Royaux zone.
7:56 of 2nd period - Snap shot by JT Compher.
7:56 of 2nd period - Shot Blocked by Danny Kristo.
8:01 of 2nd period - Off-side.
8:02 of 2nd period - Danny Kristo wins face-off versus Iiro Pakarinen in neutral zone.
8:15 of 2nd period - Snap shot by Danny Kristo.
8:15 of 2nd period - Deflect By Tye McGinn.
8:15 of 2nd period - Stopped by Charlie Lindgren without a rebound.
8:16 of 2nd period - Danny Kristo wins face-off versus Bo Horvat in Influenza zone.
8:17 of 2nd period - Snap shot by Tye McGinn.
8:17 of 2nd period - Stopped by Charlie Lindgren without a rebound.
8:18 of 2nd period - Danny Kristo wins face-off versus Bo Horvat in Influenza zone.
9:23 of 2nd period - Penalty to Brandon Pirri is over, Brandon Pirri is back on ice.
9:26 of 2nd period - Icing by Justin Bailey.
9:27 of 2nd period - Mathew Barzal wins face-off versus Bo Horvat in Influenza zone.
9:39 of 2nd period - Icing by Lucas Lessio.
9:40 of 2nd period - Mathew Barzal wins face-off versus Colton Sissons in Influenza zone.
10:05 of 2nd period - Snap shot by Lucas Lessio.
10:05 of 2nd period - Shot Blocked by Jordie Benn.
10:38 of 2nd period - Wrist shot by Rourke Chartier.
10:38 of 2nd period - Shot Misses the Net.
11:41 of 2nd period - Snap shot by Max Domi.
11:41 of 2nd period - Deflect By Justin Bailey.
11:41 of 2nd period - Stopped by Igor Shesterkin without a rebound.
11:42 of 2nd period - Bo Horvat wins face-off versus Dylan Larkin in Royaux zone.
12:32 of 2nd period - Snap shot by Travis Sanheim.
12:32 of 2nd period - Shot Misses the Net.
12:34 of 2nd period - Snap shot by Vladislav Namestnikov.
12:34 of 2nd period - Shot Misses the Net.
12:36 of 2nd period - Wrist shot by Vladislav Namestnikov.
12:36 of 2nd period - Shot Blocked by JT Compher.
12:38 of 2nd period - Slapshot by Simon Despres.
12:38 of 2nd period - Shot Blocked by Anthony Bitetto.
13:10 of 2nd period - Markus Nutivaara is hit by Ben Hanowski and loses puck.
13:26 of 2nd period - Minor Penalty to Markus Nutivaara for Slashing.
13:27 of 2nd period - Colton Sissons wins face-off versus Dylan Larkin in Influenza zone.
14:25 of 2nd period - Tim Erixon is hit by Phil Oreskovic.
14:28 of 2nd period - Off-side.
14:29 of 2nd period - Mathew Barzal wins face-off versus Iiro Pakarinen in neutral zone.
15:26 of 2nd period - Penalty to Markus Nutivaara is over, Markus Nutivaara is back on ice.
15:38 of 2nd period - Snap shot by Iiro Pakarinen.
15:38 of 2nd period - Stopped by Igor Shesterkin with a rebound.
15:56 of 2nd period - Slapshot by Tim Erixon.
15:56 of 2nd period - Stopped by Igor Shesterkin without a rebound.
15:57 of 2nd period - Vladislav Namestnikov wins face-off versus Pavel Zacha in Royaux zone.
16:33 of 2nd period - Slapshot by Dylan Larkin.
16:33 of 2nd period - Shot Misses the Net.
16:35 of 2nd period - Slapshot by Phil Oreskovic.
16:35 of 2nd period - Goal by Phil Oreskovic - Royaux : 4 - Influenza : 4.
16:36 of 2nd period - Bo Horvat wins face-off versus Dylan Larkin in neutral zone.
17:29 of 2nd period - Slapshot by Sonny Milano.
17:29 of 2nd period - Stopped by Charlie Lindgren with a rebound.
17:33 of 2nd period - Wrist shot by Sonny Milano.
17:33 of 2nd period - Deflect By Rourke Chartier.
17:33 of 2nd period - Stopped by Charlie Lindgren without a rebound.
17:34 of 2nd period - Bo Horvat wins face-off versus Dylan Larkin in Influenza zone.
17:48 of 2nd period - Snap shot by Bo Horvat.
17:48 of 2nd period - Stopped by Igor Shesterkin with a rebound.
17:50 of 2nd period - Slapshot by Bo Horvat.
17:50 of 2nd period - Goal by Bo Horvat - Royaux : 4 - Influenza : 5.
17:51 of 2nd period - Bo Horvat wins face-off versus Mathew Barzal in neutral zone.
18:16 of 2nd period - JT Compher is hit by Travis Sanheim and loses puck.
18:41 of 2nd period - Tim Erixon is hit by Vladislav Namestnikov and loses puck.
19:02 of 2nd period - Wrist shot by Jordie Benn.
19:02 of 2nd period - Stopped by Charlie Lindgren without a rebound.
19:03 of 2nd period - Rourke Chartier wins face-off versus Shane Prince in Influenza zone.
19:44 of 2nd period - Phil Oreskovic is hit by Roland McKeown and loses puck.
Goals for this period are 2 for Royaux vs 3 for Influenza.
Shots for this period are 11 for Royaux vs 13 for Influenza.
3rd period
0:01 of 3rd period - Bo Horvat wins face-off versus Mathew Barzal in neutral zone.
0:26 of 3rd period - Ben Hanowski is hit by JT Compher and loses puck.
1:26 of 3rd period - Snap shot by Tom Kuhnhackl.
1:26 of 3rd period - Shot Blocked by Kasperi Kapanen.
1:51 of 3rd period - Slapshot by Dylan Larkin.
1:51 of 3rd period - Shot Blocked by Colton Sissons.
2:09 of 3rd period - Wrist shot by JT Compher.
2:09 of 3rd period - Shot Misses the Net.
2:25 of 3rd period - Simon Despres is hit by Max Domi and loses puck.
3:36 of 3rd period - Wrist shot by Rourke Chartier.
3:36 of 3rd period - Stopped by Charlie Lindgren with a rebound.
3:38 of 3rd period - Slapshot by Rourke Chartier.
3:38 of 3rd period - Shot Blocked by Jeff Corbett.
3:40 of 3rd period - Snap shot by Rourke Chartier.
3:40 of 3rd period - Shot Misses the Net.
3:42 of 3rd period - Snap shot by Rourke Chartier.
3:42 of 3rd period - Shot Blocked by Jeff Corbett.
4:59 of 3rd period - Slapshot by Anthony Bitetto.
4:59 of 3rd period - Stopped by Igor Shesterkin without a rebound.
5:00 of 3rd period - Bo Horvat wins face-off versus Rourke Chartier in Royaux zone.
5:34 of 3rd period - Icing by Dmitry Sinitsyn.
5:35 of 3rd period - Dylan Larkin wins face-off versus Pavel Zacha in Influenza zone.
5:38 of 3rd period - Snap shot by Dylan Larkin.
5:38 of 3rd period - Shot Misses the Net.
6:15 of 3rd period - Brandon Pirri is hit by JT Compher and loses puck.
6:20 of 3rd period - Wrist shot by Iiro Pakarinen.
6:20 of 3rd period - Stopped by Igor Shesterkin without a rebound.
6:21 of 3rd period - Ben Hanowski wins face-off versus Bo Horvat in Royaux zone.
6:21 of 3rd period - Ben Hanowski is hit by Bo Horvat.
6:29 of 3rd period - Roland McKeown is hit by Tye McGinn.
7:27 of 3rd period - Bo Horvat is hit by Mathieu Joseph and loses puck.
7:32 of 3rd period - Wrist shot by Garrett Wilson.
7:32 of 3rd period - Shot Misses the Net.
7:51 of 3rd period - Wrist shot by Dylan Larkin.
7:51 of 3rd period - Stopped by Charlie Lindgren without a rebound.
7:52 of 3rd period - Pavel Zacha wins face-off versus Dylan Larkin in Influenza zone.
8:05 of 3rd period - Snap shot by Iiro Pakarinen.
8:05 of 3rd period - Deflect By Pavel Zacha.
8:05 of 3rd period - Shot Misses the Net.
8:05 of 3rd period - Puck is out of play.
8:06 of 3rd period - Kasperi Kapanen wins face-off versus Justin Bailey in Royaux zone.
8:06 of 3rd period - Kasperi Kapanen is hit by Bo Horvat.
8:18 of 3rd period - Slapshot by Max Domi.
8:18 of 3rd period - Shot Blocked by Brandon Pirri.
8:22 of 3rd period - Slapshot by Justin Bailey.
8:22 of 3rd period - Shot Blocked by Haydn Fleury.
8:40 of 3rd period - Snap shot by Dylan Larkin.
8:40 of 3rd period - Shot Misses the Net.
8:42 of 3rd period - Slapshot by Haydn Fleury.
8:42 of 3rd period - Stopped by Charlie Lindgren without a rebound.
8:43 of 3rd period - Bo Horvat wins face-off versus Mathew Barzal in Influenza zone.
8:58 of 3rd period - Wrist shot by Max Domi.
8:58 of 3rd period - Deflect By Justin Bailey.
8:58 of 3rd period - Shot Misses the Net.
8:58 of 3rd period - Puck is out of play.
8:59 of 3rd period - Iiro Pakarinen wins face-off versus Dylan Larkin in Royaux zone.
9:24 of 3rd period - Mathew Barzal is hit by Tim Erixon and loses puck.
10:03 of 3rd period - Slapshot by Iiro Pakarinen.
10:03 of 3rd period - Shot Misses the Net.
10:05 of 3rd period - Slapshot by JT Compher.
10:05 of 3rd period - Stopped by Igor Shesterkin with a rebound.
10:07 of 3rd period - Slapshot by Markus Nutivaara.
10:07 of 3rd period - Shot Blocked by Marcus Pettersson.
10:09 of 3rd period - Slapshot by Markus Nutivaara.
10:09 of 3rd period - Shot Misses the Net.
10:11 of 3rd period - Slapshot by Dmitry Sinitsyn.
10:11 of 3rd period - Stopped by Igor Shesterkin with a rebound.
10:27 of 3rd period - Snap shot by Dylan Larkin.
10:27 of 3rd period - Shot Misses the Net.
10:29 of 3rd period - Slapshot by Jordie Benn.
10:29 of 3rd period - Shot Misses the Net.
10:31 of 3rd period - Snap shot by Dylan Larkin.
10:31 of 3rd period - Shot Misses the Net.
10:33 of 3rd period - Backhand shot by Tye McGinn.
10:33 of 3rd period - Royaux goal is going for a video replay.
10:33 of 3rd period - The goal is refused. The goalkeeper has been pushed into the net together with the puck after making a save..
10:34 of 3rd period - Bo Horvat wins face-off versus Mathew Barzal in Influenza zone.
10:34 of 3rd period - Bo Horvat is hit by Simon Despres.
10:42 of 3rd period - Simon Despres is hit by Justin Bailey.
11:09 of 3rd period - Snap shot by JT Compher.
11:09 of 3rd period - Stopped by Igor Shesterkin with a rebound.
11:45 of 3rd period - Snap shot by Vladislav Namestnikov.
11:45 of 3rd period - Stopped by Charlie Lindgren without a rebound.
11:46 of 3rd period - Tye McGinn wins face-off versus Bo Horvat in Influenza zone.
13:02 of 3rd period - Snap shot by Tom Kuhnhackl.
13:02 of 3rd period - Shot Blocked by Dylan Larkin.
13:04 of 3rd period - Slapshot by Tim Erixon.
13:04 of 3rd period - Deflect By Tom Kuhnhackl.
13:04 of 3rd period - Shot Hit the Post.
13:04 of 3rd period - Puck is out of play.
13:05 of 3rd period - Bo Horvat wins face-off versus Mathew Barzal in Royaux zone.
13:06 of 3rd period - Backhand shot by Max Domi.
13:06 of 3rd period - Stopped by Igor Shesterkin without a rebound.
13:07 of 3rd period - Mathew Barzal wins face-off versus Bo Horvat in Royaux zone.
13:32 of 3rd period - Tim Erixon is hit by Phil Oreskovic and loses puck.
13:43 of 3rd period - Snap shot by Tye McGinn.
13:43 of 3rd period - Stopped by Charlie Lindgren without a rebound.
13:44 of 3rd period - Bo Horvat wins face-off versus Dylan Larkin in Influenza zone.
13:44 of 3rd period - Bo Horvat is hit by Travis Sanheim.
13:50 of 3rd period - Snap shot by Markus Nutivaara.
13:50 of 3rd period - Stopped by Igor Shesterkin without a rebound.
13:51 of 3rd period - Bo Horvat wins face-off versus Dylan Larkin in Royaux zone.
13:54 of 3rd period - Snap shot by Bo Horvat.
13:54 of 3rd period - Stopped by Igor Shesterkin with a rebound.
13:56 of 3rd period - Slapshot by Markus Nutivaara.
13:56 of 3rd period - Shot Misses the Net.
13:58 of 3rd period - Slapshot by Dmitry Sinitsyn.
13:58 of 3rd period - Shot Misses the Net.
14:00 of 3rd period - Snap shot by Max Domi.
14:00 of 3rd period - Shot Misses the Net.
14:23 of 3rd period - Slapshot by Iiro Pakarinen.
14:23 of 3rd period - Shot Blocked by Phil Oreskovic.
14:37 of 3rd period - Slapshot by Anthony Bitetto.
14:37 of 3rd period - Shot Misses the Net.
14:39 of 3rd period - Slapshot by Anthony Bitetto.
14:39 of 3rd period - Deflect By Lucas Lessio.
14:39 of 3rd period - Shot Misses the Net.
14:39 of 3rd period - Puck is out of play.
14:40 of 3rd period - Bo Horvat wins face-off versus Rourke Chartier in Royaux zone.
14:44 of 3rd period - Minor Penalty to Simon Despres for Delaying the game.
14:45 of 3rd period - Danny Kristo wins face-off versus Justin Bailey in Royaux zone.
16:21 of 3rd period - Jordie Benn is hit by Max Domi.
16:44 of 3rd period - Penalty to Simon Despres is over, Simon Despres is back on ice.
16:51 of 3rd period - Ben Hanowski is hit by Colton Sissons and loses puck.
17:53 of 3rd period - Mathew Barzal is hit by Tom Kuhnhackl.
17:57 of 3rd period - Mathew Barzal is hit by Johan Larsson and loses puck.
18:58 of 3rd period - Royaux, Igor Shesterkin is pulled from the net.
19:06 of 3rd period - Slapshot by Tye McGinn.
19:06 of 3rd period - Stopped by Charlie Lindgren with a rebound.
19:08 of 3rd period - Snap shot by Ben Hanowski.
19:08 of 3rd period - Goal by Ben Hanowski - Royaux : 5 - Influenza : 5.
19:08 of 3rd period - Igor Shesterkin from Royaux was sent back in the game.
19:09 of 3rd period - Colton Sissons wins face-off versus Rourke Chartier in neutral zone.
19:16 of 3rd period - Wrist shot by Lucas Lessio.
19:16 of 3rd period - Deflect By Colton Sissons.
19:16 of 3rd period - Stopped by Igor Shesterkin with a rebound.
19:18 of 3rd period - Slapshot by Tim Erixon.
19:18 of 3rd period - Stopped by Igor Shesterkin with a rebound.
19:34 of 3rd period - Pavel Zacha is hit by Brandon Pirri and loses puck.
Goals for this period are 1 for Royaux vs 0 for Influenza.
Shots for this period are 8 for Royaux vs 10 for Influenza.
Overtime #1
0:01 of 1st overtime period - Bo Horvat wins face-off versus Dylan Larkin in neutral zone.
0:46 of 1st overtime period - Snap shot by Colton Sissons.
0:46 of 1st overtime period - Stopped by Igor Shesterkin with a rebound.
0:48 of 1st overtime period - Snap shot by Tim Erixon.
0:48 of 1st overtime period - Stopped by Igor Shesterkin with a rebound.
0:50 of 1st overtime period - Slapshot by Anthony Bitetto.
0:50 of 1st overtime period - Shot Misses the Net.
0:52 of 1st overtime period - Snap shot by Colton Sissons.
0:52 of 1st overtime period - Stopped by Igor Shesterkin with a rebound.
1:27 of 1st overtime period - Kasperi Kapanen is hit by Justin Bailey and loses puck.
2:27 of 1st overtime period - Phil Oreskovic is hit by Pavel Zacha.
2:39 of 1st overtime period - Tye McGinn is hit by Max Domi and loses puck.
4:26 of 1st overtime period - Roland McKeown is hit by Ben Hanowski and loses puck.
Goals for this period are 0 for Royaux vs 0 for Influenza.
Shots for this period are 0 for Royaux vs 3 for Influenza.
ShootOut
5:00 of 1st overtime period - Round #1.
5:00 of 1st overtime period - Royaux, Dylan Larkin.
5:00 of 1st overtime period - Backhand shot by Dylan Larkin.
5:00 of 1st overtime period - Stopped by Charlie Lindgren.
5:00 of 1st overtime period - Influenza, Bo Horvat.
5:00 of 1st overtime period - Snap shot by Bo Horvat.
5:00 of 1st overtime period - Stopped by Igor Shesterkin.
5:00 of 1st overtime period - Round #2.
5:00 of 1st overtime period - Royaux, Rourke Chartier.
5:00 of 1st overtime period - Backhand shot by Rourke Chartier.
5:00 of 1st overtime period - Shot Misses the Net.
5:00 of 1st overtime period - Influenza, Colton Sissons.
5:00 of 1st overtime period - Wrist shot by Colton Sissons.
5:00 of 1st overtime period - Shot Misses the Net.
5:00 of 1st overtime period - Round #3.
5:00 of 1st overtime period - Royaux, Danny Kristo.
5:00 of 1st overtime period - Deke by Danny Kristo.
5:00 of 1st overtime period - Stopped by Charlie Lindgren.
5:00 of 1st overtime period - Influenza, JT Compher.
5:00 of 1st overtime period - Deke by JT Compher.
5:00 of 1st overtime period - Goal by JT Compher.